 Dungeon Crawl Stone Soup version 0.18-a0-1628-g61c6396 (webtiles) character file.

664946 Arkorax the Heavyweight Champion (level 26, 0/288 HPs)
             Began as a Troll Fighter on Mar 22, 2016.
             Was the Champion of the Shining One.
             Slain by a cacodemon (11 damage)
             ... in Pandemonium on Mar 25, 2016.
             The game lasted 02:22:23 (56261 turns).

Arkorax the Heavyweight Champion (Troll Fighter)   Turns: 56261, Time: 02:22:24

Health: 0/288      AC: 41    Str: 37    XL:     26   Next: 51%
Magic:  8/26       EV: 13    Int: -6 (6) God:    the Shining One [******]
Gold:   6996       SH:  0    Dex: 20    Spells: 0 memorised, 25 levels left

rFire  + . .     SeeInvis +       - Unarmed
rCold  + + .     Gourm    +     V - +12 gold dragon armour
rNeg   + + +     Faith    .     r - +4 large shield {reflect}
rPois  +         Spirit   .     N - +2 hat
rElec  +         Dismiss  .     R - +2 cloak of Starlight {rElec rC+ EV+4 Stlth--}
rCorr  +         Reflect  +     (gloves unavailable)
SustAt .         Harm     .     (boots unavailable)
MR     +....     Rnd*Rage +     A - amulet of regeneration
Stlth  ..........               T - ring of see invisible
                                h - ring "Dodwetzi" {rCorr +Inv Str+8 Dex+4 Stlth-}

@: confused, brilliant, exhausted, liquid flames, slowed, lost intelligence,
glowing, very slow, somewhat resistant to hostile enchantments, extremely
unstealthy
A: unfitting armour, claws 3, repulsion field 1, berserk 1, blurry vision 1,
deterioration 1, dopey 2, fast metabolism 3, gourmand, low mp 1, mutation
resistance 1, regeneration 2, shaggy fur 1, tough skin 2, weak 1, subdued magic
1, MP-powered wands
a: Divine Shield, Cleansing Flame, Summon Divine Warrior, Brand Weapon With Holy
Wrath, Renounce Religion, Evoke Invisibility
}: 6/15 runes: barnacled, silver, abyssal, demonic, dark, gossamer


You were in Pandemonium.
You worshipped the Shining One.
The Shining One was exalted by your worship.
You were very full.

You visited 9 branches of the dungeon, and saw 47 of its levels.
You visited Pandemonium 1 time, and saw 12 of its levels.
You visited the Abyss 1 time.
You also visited: Sewer, Ossuary, Bailey and Volcano.

You collected 8431 gold pieces.
You spent 1435 gold pieces at shops.

Inventory:

Missiles
 p - 87 large rocks (quivered)
 W - 13 throwing nets
Armour
 r - a +4 large shield of reflection (worn)
 z - a +0 large shield of cold resistance
 N - a +2 hat (worn)
 R - the +2 cloak of Starlight (worn) {rElec rC+ EV+4 Stlth--}
   (You bought it in a shop on level 8 of the Dungeon)

   It affects your evasion (+4).
   It protects you from cold.
   It insulates you from electricity.
   It makes you much less stealthy.
 V - a +12 gold dragon armour (worn)
Jewellery
 h - the ring "Dodwetzi" (left claw) {rCorr +Inv Str+8 Dex+4 Stlth-}
   (You found it on level 5 of the Vaults)

   [ring of resist corrosion]

   It affects your strength (+8).
   It affects your dexterity (+4).
   It lets you turn invisible.
   It makes you less stealthy.
 A - an amulet of regeneration (around neck)
 C - an uncursed ring of protection from magic {unknown}
 S - the amulet "Eziskuor" {Faith Fragile MR+ Str+3 Slay+3}
   (You found it on level 5 of the Vaults)

   [amulet of faith]

   It allows you to gain divine favour quickly.
   It affects your strength (+3).
   It affects your accuracy and damage with ranged weapons and melee attacks
   (+3).
   It affects your resistance to hostile enchantments.
   It will be destroyed if unequipped.
 T - a ring of see invisible (right claw)
Wands
 a - a wand of digging (10/24)
 b - a wand of hasting (1/9)
 v - a wand of hasting (5/9)
 Z - a wand of teleportation (1/9)
Scrolls
 c - 4 scrolls of summoning
 e - 4 scrolls of fear
 g - 30 scrolls of remove curse
 j - 6 scrolls of recharging
 l - 3 scrolls of silence
 s - 3 scrolls of magic mapping
 w - 9 scrolls of teleportation
 F - 9 scrolls of blinking
 L - 11 scrolls of identify
 Q - 7 scrolls of fog
Potions
 o - 4 potions of resistance
 t - 2 potions of berserk rage
 x - 7 potions of ambrosia
 B - 20 potions of curing
 E - a potion of magic
 G - 4 potions of flight
 H - 4 potions of brilliance
 J - 8 potions of cure mutation
 K - 3 potions of might
 M - 3 potions of cancellation
 O - 2 potions of haste
 X - 4 potions of agility
Books
 i - a book of the Sky

   Spells                             Type                      Level
   a - Summon Lightning Spire         Summoning/Air                4
   b - Airstrike                      Air                          4
   c - Silence                        Hexes/Air                    5
   d - Deflect Missiles               Charms/Air                   6
   e - Conjure Ball Lightning         Conjuration/Air              6
   f - Tornado                        Air                          9
 y - a Necronomicon

   Spells                             Type                      Level
   a - Haunt                          Necromancy/Summoning         7
   b - Borgnjor's Revivification      Necromancy                   8
   c - Death's Door                   Charms/Necromancy            8
   d - Necromutation                  Transmutation/Necromancy     8
   The Shining One disapproves of the use of such an item.
 D - a book of Clouds

   Spells                             Type                      Level
   a - Mephitic Cloud                 Conjuration/Poison/Air       3
   b - Conjure Flame                  Conjuration/Fire             3
   c - Poisonous Cloud                Conjuration/Poison/Air       6
   d - Freezing Cloud                 Conjuration/Ice/Air          6
   e - Ring of Flames                 Charms/Fire                  7
 I - a book of Conjurations

   Spells                             Type                      Level
   a - Magic Dart                     Conjuration                  1
   b - Searing Ray                    Conjuration                  2
   c - Dazzling Spray                 Conjuration/Hexes            3
   d - Fulminant Prism                Conjuration/Hexes            4
   e - Iskenderun's Mystic Blast      Conjuration                  4
   f - Iskenderun's Battlesphere      Conjuration/Charms           5
 Y - a book of Death

   Spells                             Type                      Level
   a - Corpse Rot                     Necromancy                   2
   b - Sublimation of Blood           Necromancy                   2
   c - Agony                          Necromancy                   5
   d - Dispel Undead                  Necromancy                   5
   e - Excruciating Wounds            Charms/Necromancy            5
   f - Bolt of Draining               Conjuration/Necromancy       5
   The Shining One disapproves of the use of such an item.
Miscellaneous
 q - 2 phantom mirrors
 u - a legendary deck of destruction
Comestibles
 d - 22 bread rations
 f - 9 beef jerkies
 k - 19 meat rations
 m - 16 slices of pizza
 n - 50 fruits
 U - 3 royal jellies


   Skills:
 - Level 21.3 Fighting
 + Level 6.2 Throwing
 + Level 15.9 Armour
 - Level 2.4 Dodging
 - Level 15.4 Shields
 O Level 27 Unarmed Combat
 + Level 9.6 Invocations


You had 25 spell levels left.
You didn't know any spells.

Dungeon Overview and Level Annotations

Branches:
Dungeon (15/15)            Temple (1/1) D:6            Lair (8/8) D:8
 Shoals (4/4) Lair:4       Spider (4/4) Lair:4        Slime (0/6) Lair:6
    Orc (2/2) D:12         Vaults (5/5) D:13          Crypt (3/3) Vaults:2
   Tomb (0/3) Crypt:3      Depths (5/5) D:15            Zot (0/5) Depths:5
    Elf: Orc:2

Altars:
Ashenzari
Cheibriados
Dithmenos
Elyvilon
Fedhas
Gozag
Kikubaaqudgha
Makhleb
Nemelex Xobeh
Okawaru
Pakellas
Qazlal
Ru
Sif Muna
Trog
Vehumet
Xom
Yredelemnul
Zin
The Shining One
Jiyva
Lugonu

Shops:
D:8 [   D:9 [   D:10 *   Orc:2 !((*   Vaults:3 :

Portals:
Hell: Depths:1 Depths:2 Depths:3 Depths:4 Depths:5
Abyss: Depths:2 Depths:3 Depths:4 Depths:5
Pandemonium: Depths:3 Depths:4 Depths:5
Ziggurat: Depths:4

Annotations:
D:6 exclusion: door


Innate Abilities, Weirdness & Mutations

You are too large for most types of armour.
You have claws for hands.
Your metabolism is lightning-fast.
You like to eat raw meat.
You heal very quickly.
You are covered in fur (AC +1).
You have very tough skin (AC +2).
You are surrounded by a mild repulsion field (EV +2).
You tend to lose your temper in combat.
Scrolls take you a little longer to read.
Your body sometimes deteriorates upon taking damage.
You are very dopey. (Int -4)
Your magical capacity is low (-10% MP).
You are somewhat resistant to further mutation.
You are weak. (Str -2)
Your spells are a little easier to cast, but a little less powerful.
You expend magic power (3 MP) to strengthen your wands.


Message History

The crimson imp blinks!
The tormentor calls on the powers of darkness!
The purple ugly thing convulses! x2; The red very ugly thing convulses!
The purple very ugly thing convulses!
The shining eye convulses!
The purple very ugly thing convulses!
Your body is wracked with pain!
* * * LOW HITPOINT WARNING * * *
The eye of draining convulses!
The orange demon stings you but does no damage.
The purple ugly thing basks in the mutagenic energy from its kin and changes!
The white imp shouts, "Crawl home, thou peaked toot-wallowing measle!"
The red very ugly thing punches you.
* * * LOW HITPOINT WARNING * * *
You are covered in liquid flames.
You are covered in liquid flames!
The neqoxec gestures at you.
Something tries to feed on your intellect!
The cacodemon misses you.
The cacodemon hits you but does no damage.
The cacodemon barely misses you. The cacodemon hits you!
You die...

###.....##...#...#*,,,,,,**,*
#.....[.##)....#*,,,,,,,**,*
#.......###...##,,,,,,,**,,*
##.....#####...##,,,,,**,,,*
##...###..##5.2##,,,**,,,**
#####*....##555##,**,,,***
**,.5..5##uu3##*,,,**,*
**,,....54GuuuX#,,,**,,*
**,,,....332@#uX...#,,,,*
**,,,,....5342##...##,,,,*
**,,,,,...5.534G*#.##,,,,,*
*,,,,,,.....5555.*##,,,,,,*
*,,,,,,...........***,,,,,*
*,,,,,,...........# **,,,,*
*,,,,**..........## **,,,*
**,,*,*.).......## **,,*
**,**,,,,,,,,,** **,*


You could see 2 very ugly things, 2 cacodemons, 3 ugly things, a shining eye, an
orange demon, a large abomination, an eye of draining, 2 sixfirhies, a
tormentor, 5 neqoxecs, 2 iron imps, 3 quasits, 4 crimson imps, 3 white imps and
an ufetubus.

Vanquished Creatures
  Gloorx Vloq (Pan)
  Mnoleg (Pan)
  Mennas (Vaults:3)
  3 ancient liches
  3 pandemonium lords (Pan)
  A juggernaut (Depths:4)
  Margery (D:15)
  Boris (Vaults:5)
  Saint Roka (D:13)
  5 caustic shrikes (Depths:5)
  Norris (D:15)
  Nikola (Depths:3)
  3 golden dragons
  A Tzitzimitl (Pan)
  2 bone dragons
  A Brimstone Fiend (Pan)
  3 Hell Sentinels
  6 tentacled monstrosities
  2 Ice Fiends (Pan)
  7 titans
  8 liches
  2 krakens
  26 Executioners
  4 sphinxes
  6 shadow dragons
  4 tentacled starspawn
  Kirke (Shoals:3)
  5 storm dragons
  4 tengu reavers
  6 fire giants
  3 revenants
  Wiglaf (Spider:4)
  A draconian knight (Depths:5)
  6 ghost moths
  7 frost giants
  5 black suns (Pan)
  3 deep elf sorcerers
  An orc warlord (Orc:1)
  5 iron dragons
  Maud (D:14)
  19 vault wardens
  3 curse skulls
  3 emperor scorpions
  A draconian zealot (Depths:5)
  A deep elf elementalist (Vaults:5)
  10 ghouls
  3 balrugs
  A reaper (Pan)
  Aizul (Spider:3)
  7 cacodemons
  4 warmongers (Pan)
  5 war gargoyles
  13 ironheart preservers
  16 stone giants
  5 spriggan defenders
  A corrupter (Pan)
  An ophan (Abyss:3)
  5 very ugly things
  3 blood saints (Pan)
  2 green draconians
  6 salamander stormcallers
  A black draconian (Depths:5)
  Azrael (Spider:3)
  8 vampire knights
  A spark wasp (shapeshifter) (Vaults:5)
  6 lorocyprocas
  4 deep elf annihilators
  3 chaos champions (Pan)
  9 spark wasps
  A purple draconian (Depths:5)
  2 eidola
  A mottled draconian (Depths:5)
  2 white draconians
  4 deep elf death magi
  Snorg (D:11)
  17 ettins
  7 jiangshi
  3 crystal guardians (Crypt:3)
  12 blizzard demons (Pan)
  3 great orbs of eyes
  A quicksilver dragon zombie (Crypt:1)
  3 fire dragons
  38 vault guards
  18 yaktaur captains
  4 rakshasas
  6 merfolk impalers
  8 entropy weavers
  3 green deaths
  2 deep elf high priests (Vaults:5)
  Fannar (Lair:3)
  Harold (D:10)
  8 hydras
  3 quicksilver dragon skeletons
  8 ice dragons
  6 centaur warriors
  4 spriggan air magi
  2 monstrous demonspawn (Pan)
  A merfolk aquamancer (Shoals:4)
  An alligator snapping turtle (Shoals:3)
  A hell beast (Pan)
  2 satyrs (Shoals:4)
  5 dancing weapons (Crypt:3)
  5 vampire magi
  5 catoblepae
  3 tengu warriors
  20 death yaks
  7 deep troll shamans
  10 ogre magi
  6 deep troll earth magi
  3 death knights
  7 thrashing horrors
  7 hell hogs (Abyss:4)
  8 spriggan berserkers
  Urug (D:12)
  An orc high priest (Orc:2)
  15 hell knights
  6 deep elf knights
  13 sun demons
  An iron troll (Depths:3)
  9 wretched stars
  A fire crab (Vaults:5)
  9 soul eaters (Pan)
  6 shadow wraiths
  Nergalle (Depths:1)
  2 storm dragon skeletons
  3 spatial maelstroms
  2 wizards
  A golden dragon zombie (Crypt:3)
  5 infernal demonspawn (Pan)
  15 skeletal warriors
  A death drake (Abyss:2)
  An anaconda zombie (Crypt:1)
  A salamander mystic (Vaults:4)
  5 sea snakes
  4 shadow demons (Pan)
  An unseen horror (D:11)
  18 starcursed masses
  A death drake (shapeshifter) (Depths:4)
  6 hill giants
  3 giant orange brains
  A lindwurm (Lair:5)
  4 putrid demonspawn (Pan)
  3 deep elf archers
  A shadow dragon zombie (Abyss:2)
  9 flayed ghosts
  3 gelid demonspawn (Pan)
  21 deep trolls
  An obsidian statue (Depths:4)
  22 harpies
  13 orc knights
  6 phantasmal warriors
  10 ironbrand convokers
  4 torturous demonspawn (Pan)
  9 deep elf magi
  15 necromancers
  2 harpies (shapeshifter)
  13 orb spiders
  A mana viper (shapeshifter) (Vaults:5)
  An oklob plant (Lair:6)
  11 fauns
  3 orc sorcerers
  A stone giant zombie (Crypt:3)
  3 tengu skeletons
  A sphinx zombie (Vaults:3)
  13 hornets
  A wolf spider (shapeshifter) (Depths:4)
  11 manticores
  2 salamanders (Vaults:4)
  37 ugly things
  A faun (shapeshifter) (Vaults:5)
  24 wolf spiders
  3 moths of wrath
  12 griffons
  A salamander (shapeshifter) (Vaults:5)
  2 worldbinders
  5 cyclopes
  2 iron dragon skeletons
  A guardian serpent (shapeshifter) (Depths:4)
  11 sirens
  4 stone giant skeletons
  32 large abominations
  A frost giant skeleton (Crypt:3)
  10 elephants (Lair:7)
  Maurice (D:8)
  10 sixfirhies
  A dire elephant skeleton (Pan)
  A titan simulacrum (Crypt:1)
  A water nymph (shapeshifter) (Depths:4)
  A black mamba (shapeshifter) (Depths:4)
  11 orange demons
  An apocalypse crab (Abyss:4)
  5 water nymphs
  3 black mambas
  15 vault sentinels
  5 gargoyles
  14 smoke demons
  26 spiny frogs
  A hellion (Pan)
  3 rime drakes
  A mottled draconian zombie (Crypt:2)
  A yaktaur zombie (Vaults:3)
  19 demonic crawlers
  5 catoblepas skeletons (Abyss:4)
  4 spriggan druids
  4 tengu conjurers
  3 tormentors (Pan)
  6 efreet
  14 freezing wraiths
  2 kobold demonologists (Bailey)
  A mottled draconian skeleton (Crypt:2)
  A yaktaur (shapeshifter) (Depths:4)
  37 yaktaurs
  An emperor scorpion zombie (Crypt:1)
  2 ancient zymes
  A polar bear (Lair:4)
  A green draconian skeleton (Crypt:2)
  A hydra zombie (Crypt:3)
  A harpy zombie (Crypt:3)
  6 komodo dragons
  4 hellwings
  3 yaktaur skeletons
  A queen bee (shapeshifter) (Depths:4)
  A jumping spider (shapeshifter) (Vaults:5)
  35 jumping spiders
  A wolf spider simulacrum (D:14)
  4 trolls
  5 red devils
  An iron troll skeleton (Crypt:1)
  20 merfolk
  22 two-headed ogres
  A sphinx simulacrum (Vaults:3)
  A harpy skeleton (Crypt:3)
  24 blink frogs
  2 giant leeches (Lair:8)
  17 slime creatures
  8 snapping turtles
  A tengu simulacrum (Vaults:2)
  Prince Ribbit (D:8)
  A blink frog (shapeshifter) (Depths:3)
  8 boulder beetles
  2 snapping turtles (shapeshifter) (Depths:4)
  2 wind drakes (Shoals:1)
  10 raiju (Abyss:2)
  18 ynoxinuls
  A fire dragon skeleton (Pan)
  A fire giant simulacrum (Vaults:2)
  An ettin zombie (Abyss:2)
  40 flying skulls
  5 water elementals
  10 spriggans
  2 shadows
  18 tarantellas
  72 redbacks
  2 spriggans (shapeshifter)
  2 black mamba skeletons
  7 wraiths
  59 yaks
  4 air elementals
  6 ettin skeletons
  6 basilisks
  4 fire elementals (Spider:3)
  2 tarantellas (shapeshifter)
  A basilisk (shapeshifter) (Depths:4)
  A fire bat (Volcano)
  A hog (Shoals:3)
  2 hungry ghosts
  22 vampire mosquitoes
  15 neqoxecs
  A steam dragon (D:9)
  13 hippogriffs
  A hog (shapeshifter) (Vaults:3)
  A hippogriff (shapeshifter) (Vaults:4)
  5 wargs
  5 chaos spawn
  5 spatial vortices
  2 mottled dragons
  A swamp worm (shapeshifter) (Depths:4)
  A warg (shapeshifter) (Depths:4)
  22 water moccasins
  5 hell hounds
  A soldier ant (D:10)
  A deep troll skeleton (Crypt:1)
  17 porcupines
  7 ice beasts
  52 orc warriors
  A sky beast (shapeshifter) (Depths:4)
  16 small abominations
  6 necrophages
  2 black bears
  4 sky beasts
  2 black bears (shapeshifter)
  A manticore zombie (Crypt:3)
  11 wasps
  3 phantoms
  2 eyes of draining
  7 boggarts
  20 wolves
  An ogre (shapeshifter) (Depths:4)
  36 ogres
  20 centaurs
  12 crocodiles
  3 big kobolds
  A snapping turtle skeleton (Crypt:2)
  33 giant frogs
  Blork the orc (D:5)
  6 earth elementals
  6 water moccasin zombies (Ossuary)
  A wyvern skeleton (D:13)
  9 scorpions
  A queen bee zombie (Crypt:1)
  12 killer bees
  A human simulacrum (Vaults:3)
  22 wights
  7 electric eels
  A hippogriff skeleton (Crypt:1)
  A howler monkey (D:12)
  5 crimson imps
  2 centaur zombies
  A giant frog zombie (D:5)
  8 lava snakes (Volcano)
  2 quasits
  10 jellies
  4 centaur skeletons
  A gnoll shaman (D:10)
  14 orc priests
  5 hounds
  4 iron imps (Abyss:2)
  Jessica (D:2)
  2 hell rats (Lair:7)
  8 iguanas
  21 orc wizards
  14 worker ants
  17 sheep
  4 big kobold zombies (Ossuary)
  A felid skeleton (Crypt:2)
  A hound skeleton (D:11)
  2 mummies (Ossuary)
  A worker ant zombie (D:8)
  13 adders
  13 gnolls
  A howler monkey skeleton (Crypt:2)
  81 river rats
  4 shadow imps
  2 white imps
  A giant eyeball (Vaults:3)
  3 ufetubi
  16 oozes
  7 adder zombies
  4 worms
  2 dart slugs (D:2)
  5 giant geckos
  89 orcs
  2 ball pythons (Sewer)
  11 bats
  6 giant cockroaches
  3 gnoll zombies (Ossuary)
  23 goblins
  8 hobgoblins
  4 jackals (Sewer)
  A quokka (D:12)
  A ball python skeleton (D:5)
  2 giant newts
  4 hobgoblin zombies (Ossuary)
  A jackal zombie (D:7)
  29 kobolds
  3 kobold zombies (Ossuary)
  An orc zombie (Ossuary)
  17 rats
  A crawling corpse (Vaults:5)
  8 fire vortices (Vaults:4)
  A lost soul (Crypt:3)
  A plant (Shoals:3)
  5 starspawn tentacles
  8 tentacles
2595 creatures vanquished.

Vanquished Creatures (others)
  Arachne (Spider:3)
  An eldritch tentacle (Pan)
  A storm dragon (Vaults:3)
  2 fire giants
  An ironheart preserver (Vaults:3)
  A stone giant (Depths:3)
  A very ugly thing (Vaults:3)
  2 blood saints (Pan)
  A green death (Pan)
  3 yaktaur captains
  A great orb of eyes (Vaults:3)
  A catoblepas (Vaults:3)
  A centaur warrior (Depths:2)
  An ogre mage (Depths:3)
  2 satyrs (Shoals:4)
  2 spriggans (Depths:3)
  A deep elf archer (Vaults:3)
  A deep elf mage (Vaults:4)
  2 orb spiders (Spider:4)
  3 fauns
  2 vault sentinels
  A water nymph (Shoals:4)
  A hellion (Pan)
  14 yaktaurs
  3 merfolk (Shoals:4)
  A two-headed ogre (Depths:3)
  A small abomination (Abyss:3)
  A shadow (Abyss:3)
  A tarantella (Spider:4)
  2 chaos spawn (Pan)
  2 orc warriors (Orc:2)
  A wasp (Depths:3)
  A boggart (Depths:3)
  4 centaurs
  3 ogres
  2 sheep (Vaults:2)
  A white imp (Depths:3)
  7 orcs
  A crawling corpse (Vaults:5)
  66 eldritch tentacle segments (Pan)
  4 fire vortices
  21 fungi
  9 lost souls
  A lurking horror (Abyss:2)
  15 plants
  7 starspawn tentacles
  52 starspawn tentacle segments
  6 tentacles
  174 tentacle segments
433 creatures vanquished.

Grand Total: 3028 creatures vanquished

Notes
Turn   | Place    | Note
--------------------------------------------------------------
     0 | D:1      | Arkorax the Troll Fighter began the quest for the Orb.
     0 | D:1      | Reached XP level 1. HP: 22/22 MP: 0/0
   153 | D:1      | Reached XP level 2. HP: 29/29 MP: 1/1
   644 | D:2      | Reached XP level 3. HP: 36/36 MP: 2/2
   665 | D:2      | Reached skill level 3 in Unarmed Combat
  1098 | D:2      | Noticed Jessica
  1115 | D:2      | Killed Jessica
  1115 | D:2      | Reached XP level 4. HP: 37/44 MP: 3/3
  1843 | D:3      | Reached skill level 1 in Armour
  1843 | D:3      | Reached XP level 5. HP: 48/53 MP: 4/4
  1912 | D:3      | Reached skill level 4 in Unarmed Combat
  2151 | D:3      | Reached XP level 6. HP: 61/61 MP: 5/5
  2800 | D:4      | Found a basalt altar of Yredelemnul.
  2911 | D:4      | Reached skill level 5 in Unarmed Combat
  2933 | D:4      | Reached XP level 7. HP: 62/67 MP: 6/6
  3213 | D:5      | Entered Level 5 of the Dungeon
  3441 | D:5      | Reached skill level 6 in Unarmed Combat
  3651 | D:6      | Found a staircase to the Ecumenical Temple.
  3788 | D:6      | Found a glowing drain.
  3796 | Sewer    | Entered a sewer
  4187 | Temple   | Entered the Ecumenical Temple
  4492 | Temple   | Became a worshipper of Makhleb the Destroyer
  4530 | D:6      | Found a deep blue altar of Sif Muna.
  4585 | D:6      | Found a snail-covered altar of Cheibriados.
  4647 | D:6      | Reached XP level 8. HP: 73/75 MP: 7/7
  4760 | D:6      | Found a shadowy altar of Dithmenos.
  5201 | D:6      | Reached skill level 7 in Unarmed Combat
  5221 | D:6      | Reached * piety under Makhleb
  5250 | D:7      | Reached skill level 5 in Armour
  5336 | D:7      | Found a shimmering altar of Xom.
  5470 | D:7      | Found a sand-covered staircase.
  5497 | Ossuary  | Entered an ossuary
  5568 | Ossuary  | Reached skill level 5 in Shields
  5626 | Ossuary  | Reached ** piety under Makhleb
  5654 | Ossuary  | Reached XP level 9. HP: 81/81 MP: 8/8
  5770 | D:7      | Reached skill level 8 in Unarmed Combat
  6278 | D:8      | Noticed Prince Ribbit
  6292 | D:8      | Killed Prince Ribbit
  6354 | D:8      | Found a staircase to the Lair.
  6535 | D:8      | Noticed Maurice
  6602 | D:8      | Reached *** piety under Makhleb
  6676 | D:8      | Killed Maurice
  6676 | D:8      | Reached skill level 9 in Unarmed Combat
  6781 | D:8      | Found Ugynkor's Antique Armour Shop.
  6895 | D:8      | Reached XP level 10. HP: 71/91 MP: 9/9
  7208 | D:9      | Found Zudach's Armour Emporium.
  7532 | D:9      | Reached **** piety under Makhleb
  7630 | D:10     | Entered Level 10 of the Dungeon
  7687 | D:10     | Found a flagged portal.
  7692 | Bailey   | Entered a bailey
  7746 | Bailey   | Found an iron altar of Okawaru.
  7747 | Bailey   | Noticed a sun demon
  7754 | Bailey   | Noticed a rust devil
  7759 | Bailey   | Noticed a sixfirhy
  7759 | Bailey   | Reached skill level 10 in Unarmed Combat
  8220 | Bailey   | Reached ***** piety under Makhleb
  8248 | Bailey   | Noticed an orc knight
  8248 | Bailey   | Noticed an orc knight
  8260 | Bailey   | Killed an orc knight
  8288 | Bailey   | Killed an orc knight
  8491 | D:10     | Noticed Harold
  8508 | D:10     | Killed Harold
  8647 | D:10     | Reached XP level 11. HP: 94/97 MP: 10/10
  8781 | D:10     | Reached skill level 11 in Unarmed Combat
  8840 | D:10     | Found Viytel's Assorted Antiques.
  9280 | D:11     | Found an opulent altar of Gozag.
  9385 | D:11     | Noticed Snorg
  9424 | D:11     | Killed Snorg
  9668 | D:11     | Killed an unseen horror
  9688 | D:11     | Noticed a hill giant
  9696 | D:11     | Killed a hill giant
 10100 | Lair:1   | Entered Level 1 of the Lair of Beasts
 10212 | Lair:1   | Reached skill level 12 in Unarmed Combat
 10284 | Lair:1   | Reached skill level 10 in Armour
 10634 | Lair:2   | Noticed a five-headed hydra
 11035 | Lair:2   | Reached XP level 12. HP: 105/105 MP: 11/11
 11048 | Lair:2   | Noticed a six-headed hydra
 11093 | Lair:2   | Killed a 16-headed hydra
 12212 | Lair:3   | Noticed Fannar
 12237 | Lair:3   | Killed Fannar
 12237 | Lair:3   | Reached skill level 5 in Fighting
 12237 | Lair:3   | Reached skill level 13 in Unarmed Combat
 12293 | Lair:3   | Reached ****** piety under Makhleb
 12429 | Lair:3   | Noticed a death yak
 12430 | Lair:3   | Noticed a death yak
 12431 | Lair:3   | Noticed a death yak
 12431 | Lair:3   | Noticed a death yak
 12431 | Lair:3   | Noticed a death yak
 12446 | Lair:3   | Killed a death yak
 12460 | Lair:3   | Killed a death yak
 12467 | Lair:3   | Killed a death yak
 12471 | Lair:3   | Killed a death yak
 12484 | Lair:3   | Killed a death yak
 12817 | Lair:3   | Noticed a four-headed hydra
 12859 | Lair:3   | Killed a 12-headed hydra
 12859 | Lair:3   | Reached XP level 13. HP: 113/123 MP: 12/12
 13312 | Lair:4   | Found a staircase to the Shoals.
 13494 | Lair:4   | Reached skill level 14 in Unarmed Combat
 14053 | Lair:4   | Found a hole to the Spider Nest.
 15129 | Lair:5   | Found a dark tunnel.
 15177 | Volcano  | Entered a volcano
 15300 | Volcano  | Got an ancient great sword
 15355 | Volcano  | Found a burning altar of Makhleb.
 16171 | Lair:6   | Reached skill level 15 in Unarmed Combat
 16281 | Lair:6   | Found a staircase to the Slime Pits.
 16281 | Lair:6   | Found a viscous altar of Jiyva.
 16854 | Lair:6   | Reached XP level 14. HP: 130/140 MP: 13/13
 17194 | Lair:7   | Reached skill level 10 in Shields
 17997 | Lair:8   | Entered Level 8 of the Lair of Beasts
 18171 | Lair:8   | Reached skill level 10 in Fighting
 18291 | Lair:8   | Reached skill level 16 in Unarmed Combat
 18756 | Lair:8   | Reached XP level 15. HP: 152/152 MP: 14/14
 19772 | D:12     | Found a staircase to the Orcish Mines.
 19858 | D:12     | Noticed Urug
 19876 | D:12     | Killed Urug
 20832 | D:13     | Found a gate to the Vaults.
 21122 | D:13     | Reached skill level 17 in Unarmed Combat
 21330 | D:14     | Found a shimmering altar of Xom.
 21330 | D:14     | Found a shimmering altar of Xom.
 21330 | D:14     | Found a shimmering altar of Xom.
 21330 | D:14     | Found a shimmering altar of Xom.
 21330 | D:14     | Found a shimmering altar of Xom.
 21330 | D:14     | Found a shimmering altar of Xom.
 21330 | D:14     | Found a shimmering altar of Xom.
 21330 | D:14     | Found a shimmering altar of Xom.
 21330 | D:14     | Found a shimmering altar of Xom.
 21916 | D:14     | Noticed Maud
 21925 | D:14     | Killed Maud
 22538 | D:15     | Entered Level 15 of the Dungeon
 22547 | D:15     | Found a staircase to the Depths.
 22547 | D:15     | Noticed a fire giant
 22592 | D:15     | Killed a fire giant
 23517 | Orc:1    | Entered Level 1 of the Orcish Mines
 23556 | Orc:1    | Reached XP level 16. HP: 165/165 MP: 15/15
 23764 | Orc:2    | Entered Level 2 of the Orcish Mines
 24446 | Orc:2    | Found Siogim's Antique Weapon Boutique.
 24446 | Orc:2    | Found Nailab's Antique Weapon Shoppe.
 24448 | Orc:2    | Found Oschoar's Distillery.
 24450 | Orc:2    | Found Agidus's Assorted Antiques.
 24491 | Orc:2    | Upgraded the game from 0.18-a0-1611-g00361b8 to 0.18-a0-1624-g19ad93e
 24737 | Spider:1 | Entered Level 1 of the Spider Nest
 25351 | Spider:1 | Reached skill level 18 in Unarmed Combat
 26838 | Spider:3 | Noticed Azrael
 26855 | Spider:3 | Killed Azrael
 27002 | Spider:3 | Noticed Aizul
 27018 | Spider:3 | Killed Aizul
 27065 | Spider:3 | Noticed Arachne
 27100 | Spider:3 | Killed Arachne
 27513 | Spider:4 | Entered Level 4 of the Spider Nest
 27517 | Spider:4 | Noticed Wiglaf
 27542 | Spider:4 | Killed Wiglaf
 27725 | Spider:4 | Reached XP level 17. HP: 178/178 MP: 0/16
 28305 | Spider:4 | Reached skill level 19 in Unarmed Combat
 28643 | Spider:4 | Got a gossamer rune of Zot
 28953 | Vaults:1 | Entered Level 1 of the Vaults
 28983 | Vaults:1 | Noticed Saint Roka
 29518 | D:13     | Killed Saint Roka
 30218 | Vaults:1 | Reached XP level 18. HP: 191/191 MP: 17/17
 30327 | Vaults:1 | Found an iron altar of Okawaru.
 30897 | Vaults:2 | Noticed a lich
 30928 | Vaults:2 | Killed a lich
 30954 | Vaults:2 | Reached skill level 15 in Fighting
 30960 | Vaults:2 | Reached skill level 20 in Unarmed Combat
 30997 | Vaults:2 | Paralysed by a great orb of eyes for 3 turns
 31951 | Vaults:2 | Found a staircase to the Crypt.
 32568 | Vaults:3 | Identified a +1 rod of shadows (12/12) (You found it on level 3 of the Vaults)
 33034 | Vaults:3 | Noticed a lich
 33063 | Vaults:3 | Paralysed by a vampire knight for 6 turns
 33067 | Vaults:3 | Cast into level 2 of the Abyss (a deep elf sorcerer)
 33337 | Abyss:2  | Reached XP level 19. HP: 183/204 MP: 18/18
 33893 | Abyss:2  | Reached skill level 21 in Unarmed Combat
 33951 | Abyss:2  | Found a corrupted altar of Lugonu.
 34166 | Abyss:3  | Gained mutation: You are clumsy. (Dex -2) [a cacodemon]
 34177 | Abyss:3  | Gained mutation: You regenerate. [a neqoxec]
 34313 | Abyss:3  | Paralysed by accursed screaming for 1 turns
 34783 | Abyss:4  | Lost intelligence.
 34944 | Abyss:4  | Got an abyssal rune of Zot
 34980 | Vaults:3 | Escaped the Abyss
 35189 | Vaults:3 | Noticed Mennas
 35224 | Vaults:3 | Killed Mennas
 35298 | Vaults:3 | Found Yroirr's Book Boutique.
 35515 | Vaults:3 | Paralysed by a giant eyeball for 2 turns
 35615 | Vaults:3 | Killed a lich
 35615 | Vaults:3 | Reached XP level 20. HP: 198/217 MP: 19/19
 36199 | Vaults:4 | Reached skill level 22 in Unarmed Combat
 36330 | Vaults:4 | Upgraded the game from 0.18-a0-1624-g19ad93e to 0.18-a0-1628-g61c6396
 36556 | Vaults:4 | Paralysed by an ogre mage for 3 turns
 37245 | Vaults:5 | Entered Level 5 of the Vaults
 37568 | Depths:1 | Entered Level 1 of the Depths
 37575 | Depths:1 | Noticed Norris
 37601 | Depths:1 | Noticed Margery
 37673 | D:15     | Killed Margery
 37815 | D:15     | Killed Norris
 37958 | Depths:1 | Found a gateway to Hell.
 38181 | Depths:1 | Noticed Nergalle
 38189 | Depths:1 | Killed Nergalle
 38797 | Depths:1 | Reached XP level 21. HP: 203/228 MP: 20/20
 38798 | Depths:1 | Lost mutation: You are clumsy. (Dex -2) [potion of cure mutation]
 38798 | Depths:1 | Lost mutation: You regenerate. [potion of cure mutation]
 39494 | Depths:2 | Found a corrupted altar of Lugonu.
 39494 | Depths:2 | Found a one-way gate to the infinite horrors of the Abyss.
 39556 | Depths:2 | Reached skill level 15 in Shields
 39917 | Depths:3 | Found a one-way gate leading to the halls of Pandemonium.
 40219 | Depths:3 | Noticed Nikola
 40233 | Depths:3 | Reached skill level 23 in Unarmed Combat
 40243 | Depths:3 | Killed Nikola
 41370 | Depths:4 | Noticed a juggernaut
 41376 | Depths:4 | Killed a juggernaut
 41846 | Depths:4 | Got a transparent plate armour
 41847 | Depths:4 | Identified the cursed +1 plate armour of Insatiable Hunger {Int+2} (You found it on level 4 of the Depths)
 41948 | Depths:4 | Reached XP level 22. HP: 233/241 MP: 8/21
 42282 | Depths:4 | Found a gateway to a ziggurat.
 42747 | D:8      | Bought the +2 cloak of Starlight {rElec rC+ EV+4 Stlth--} for 1435 gold pieces
 43055 | Depths:5 | Entered Level 5 of the Depths
 43240 | Depths:5 | Reached skill level 24 in Unarmed Combat
 43251 | Depths:5 | Noticed a golden dragon
 43257 | Depths:5 | Found a gate to the Realm of Zot.
 43270 | Depths:5 | Killed a golden dragon
 43754 | Depths:5 | Noticed a caustic shrike
 43755 | Depths:5 | Noticed a caustic shrike
 43757 | Depths:5 | Noticed a caustic shrike
 43758 | Depths:5 | Noticed a caustic shrike
 43760 | Depths:5 | Noticed a caustic shrike
 43769 | Depths:5 | Killed a caustic shrike
 43782 | Depths:5 | Killed a caustic shrike
 43793 | Depths:5 | Killed a caustic shrike
 43793 | Depths:5 | Reached skill level 25 in Unarmed Combat
 43795 | Depths:5 | Killed a caustic shrike
 43801 | Depths:5 | Killed a caustic shrike
 43844 | Depths:5 | Gained mutation: You have a pair of small antennae on your head. [potion of beneficial mutation]
 44686 | Shoals:1 | Entered Level 1 of the Shoals
 46099 | Shoals:3 | Reached XP level 23. HP: 249/249 MP: 22/22
 46246 | Shoals:3 | Noticed Kirke
 46342 | Shoals:3 | Killed Kirke
 46799 | Shoals:4 | Entered Level 4 of the Shoals
 46857 | Shoals:4 | Reached skill level 26 in Unarmed Combat
 46949 | Shoals:4 | Got a barnacled rune of Zot
 47439 | D:5      | Noticed Blork the orc
 47445 | D:5      | Killed Blork the orc
 47486 | D:5      | Found a glowing golden altar of the Shining One.
 47486 | D:5      | Found a blossoming altar of Fedhas.
 47490 | D:5      | Found a bloodstained altar of Trog.
 47518 | D:5      | Fell from the grace of Makhleb
 47518 | D:5      | Became a worshipper of the Shining One
 47892 | Crypt:1  | Entered Level 1 of the Crypt
 48059 | Crypt:1  | Reached * piety under the Shining One
 48290 | Crypt:1  | Reached ** piety under the Shining One
 48702 | Crypt:2  | Reached *** piety under the Shining One
 48860 | Crypt:2  | Reached **** piety under the Shining One
 49080 | Crypt:2  | Reached ***** piety under the Shining One
 49544 | Crypt:3  | Entered Level 3 of the Crypt
 49660 | Crypt:3  | Reached ****** piety under the Shining One
 49678 | Crypt:3  | Reached skill level 27 in Unarmed Combat
 49700 | Crypt:3  | Gained mutation: You are dopey. (Int -2) [a neqoxec]
 49992 | Crypt:3  | Found a staircase to the Tomb.
 50282 | Crypt:3  | Found an ancient bone altar of Kikubaaqudgha.
 50282 | Crypt:3  | Noticed an ancient lich
 50296 | Crypt:3  | Killed an ancient lich
 50356 | Crypt:3  | Lost mutation: You have a pair of small antennae on your head. [potion of cure mutation]
 50356 | Crypt:3  | Lost mutation: You are dopey. (Int -2) [potion of cure mutation]
 50418 | Crypt:3  | Was forgiven by Makhleb
 50654 | Vaults:4 | Reached XP level 24. HP: 256/261 MP: 22/22
 51277 | Vaults:5 | Noticed Boris
 51300 | Vaults:5 | Killed Boris
 51395 | Vaults:5 | Noticed an ancient lich
 51402 | Vaults:5 | Killed an ancient lich
 51727 | Vaults:5 | Got a transparent jade ring
 51728 | Vaults:5 | Identified the ring "Dodwetzi" {rCorr +Inv Str+8 Dex+4 Stlth-} (You found it on level 5 of the Vaults)
 51968 | Vaults:5 | Reached XP level 25. HP: 275/275 MP: 22/22
 52017 | Vaults:5 | Noticed an ancient lich
 52031 | Vaults:5 | Killed an ancient lich
 52073 | Vaults:5 | Got a transparent garnet amulet
 52074 | Vaults:5 | Identified the amulet "Eziskuor" {Faith Fragile MR+ Str+3 Slay+3} (You found it on level 5 of the Vaults)
 52329 | Vaults:5 | Got a silver rune of Zot
 53083 | Pan      | Entered Pandemonium
 53090 | Pan      | Reached skill level 1 in Invocations
 53153 | Pan      | Noticed Beriazxo the pandemonium lord
 53171 | Pan      | Killed Beriazxo the pandemonium lord
 53348 | Pan      | Found an exit through the horrors of the Abyss.
 53594 | Pan      | Noticed Opnouka the pandemonium lord
 53607 | Pan      | Killed Opnouka the pandemonium lord
 53774 | Pan      | Reached skill level 5 in Invocations
 53923 | Pan      | Found an exit through the horrors of the Abyss.
 54255 | Pan      | Noticed Latim Olu the pandemonium lord
 54267 | Pan      | Killed Latim Olu the pandemonium lord
 54299 | Pan      | Got a demonic rune of Zot
 54619 | Pan      | Reached skill level 15 in Armour
 54685 | Pan      | Entered the realm of Gloorx Vloq.
 54834 | Pan      | Reached skill level 1 in Throwing
 54920 | Pan      | Reached XP level 26. HP: 286/288 MP: 27/27
 54989 | Pan      | Found an exit through the horrors of the Abyss.
 55403 | Pan      | Noticed Gloorx Vloq
 55653 | Pan      | Killed Gloorx Vloq
 55685 | Pan      | Got a dark rune of Zot
 55844 | Pan      | Found an exit through the horrors of the Abyss.
 55854 | Pan      | Reached skill level 5 in Throwing
 56036 | Pan      | Entered the realm of Mnoleg.
 56111 | Pan      | Gained mutation: You expend magic power (3 MP) to strengthen your wands. [a neqoxec]
 56144 | Pan      | Gained mutation: You are dopey. (Int -2) [a neqoxec]
 56146 | Pan      | Lost intelligence.
 56215 | Pan      | Noticed Mnoleg
 56216 | Pan      | Gained mutation: Your body sometimes deteriorates upon taking damage. [a shining eye]
 56219 | Pan      | Gained mutation: You are very dopey. (Int -4) [a shining eye]
 56221 | Pan      | Gained mutation: Scrolls take you a little longer to read. [a shining eye]
 56226 | Pan      | Gained mutation: You are weak. (Str -2) [a cacodemon]
 56229 | Pan      | Paralysed by a giant eyeball for 4 turns
 56235 | Pan      | Gained mutation: You tend to lose your temper in combat. [a cacodemon]
 56237 | Pan      | Killed Mnoleg
 56237 | Pan      | Gained mutation: You are clumsy. (Dex -2) [a shining eye]
 56242 | Pan      | Gained mutation: Your magical capacity is low (-10% MP). [a cacodemon]
 56244 | Pan      | Gained mutation: You are somewhat resistant to further mutation. [a shining eye]
 56253 | Pan      | Gained mutation: You are surrounded by a mild repulsion field (EV +2). [a shining eye]
 56254 | Pan      | HP: 14/288 [orange demon[a cacodemon] (1)]
 56257 | Pan      | Gained mutation: Your spells are a little easier to cast, but a little less powerful. [a shining eye]
 56260 | Pan      | HP: 9/288 [cacodemon (9)]
 56260 | Pan      | Lost mutation: You are clumsy. (Dex -2) [a shining eye]
 56261 | Pan      | Slain by a cacodemon

Vault maps used:
D:1:      minmay_arrival_four_houses
D:2:      uniq_jessica
D:3:      first_bread, glass_columns_c
D:4:      yredelemnul_altar_generic
D:5:      grunt_temple_overflow_open, uniq_blork_the_orc
D:6:      kennysheep_mini_moat, led_sif_book, overflow_temple_1_default,
          minmay_temple_entry_mist, lightli_sewer_entry_pipes
D:7:      lemuel_doored_altar, lightli_ossuary_entry_decrepit_ruins
D:8:      lair_0_dummy, serial_shops, nicolae_shop_overgrown_old_shop,
          uniq_prince_ribbit1, uniq_maurice
D:9:      serial_shops, nicolae_shop_statue_plus, the_bakery,
          due_unseen_surprise
D:10:     serial_shops, nicolae_shop_waterfront, enter_bailey_3, uniq_harold
D:11:     grunt_gozag_statues, uniq_snorg
D:12:     orc_0_dummy, uniq_urug
D:13:     grunt_vaults_entry_fortified, kennysheep_windowed_goal
D:14:     minmay_staircase_bubble, minivault_11, xom_shifter_show, uniq_maud
D:15:     grunt_enter_depths_giant_problem
Temple:   hc_temple_tempest_star
Lair:1:   lemuel_fruit_fields
Lair:3:   wad_woods_road_02, grunt_megastairs_1, uniq_fannar
Lair:4:   lemuel_slime, minmay_shoals_entry_beasts, dummy_spider_entry,
          kilobyte_rumbling_trees
Lair:5:   beast_lair_carwin_large_1, nicolae_volcano_entry_vermiform,
          lemuel_fruit_tree, serial_bayou_shore_a
Lair:6:   slime_altar_1, lemuel_fruit_fields, serial_bayou_shore_b
Lair:7:   kennysheep_abandoned_house, grunt_megastairs_4
Lair:8:   minmay_lair_end_frog_pond, mumra_transporter_accident
Shoals:2: nicolae_shoals_kraken_intersection
Shoals:3: uniq_kirke
Shoals:4: shoals_end_grunt_garden, shoals_ilsuiw_alternative,
          nicolae_shoals_mertower
Spider:3: spider_trap, guppyfry_spider_mini_1, uniq_aizul, uniq_arachne,
          uniq_azrael
Spider:4: spider_rune_water, uniq_wiglaf
Orc:1:    cheibrodos_orc_bank, uniq_gastronok
Orc:2:    st_orc_rangers, basic_altar
Vaults:1: vaults_mumra_lcd, vaults_room_door_hall, vaults_room_grid,
          nicolae_vaults_little_squares_6, hangedman_vaults_restitches,
          vaults_room_guarded_vault, vaults_room_stairs_pillars, v_misc_9,
          nicolae_vaults_ring_of_whatevers, basic_altar, uniq_saint_roka
Vaults:2: ontoclasm_vaults_bender, dpeg_vaults_monster_row,
          minmay_crypt_entry_simple_statues, vaults_room_grid, v_misc_3,
          v_pattern_5, hangedman_vaults_stitches, vaults_room_pool,
          vaults_dpeg_encased_lava, v_misc_15, grunt_vaults_hallway_long,
          ontoclasm_vaults_twist
Vaults:3: st_greater_box_1, vaults_room_large_hall,
          nicolae_vaults_circle_grid_a, nicolae_vaults_three_branches,
          vaults_room_large_hall, nicolae_vaults_little_ls,
          nicolae_vaults_rhombus_7, ontoclasm_vaults_gateway,
          ontoclasm_vaults_tryst, nicolae_vaults_alarming, serial_shops,
          shop_fountains, uniq_mennas
Vaults:4: hangedman_vaults_nodes, v_rooms_1,
          vaults_standard_mumra_enter_the_diamond, v_misc_9,
          grunt_vaults_funnel, vaults_room_door_hall,
          grunt_vaults_hallway_short, st_smaller_cells
Vaults:5: uniq_boris
Crypt:1:  grunt_crypt_arrival_split
Crypt:2:  roderic_lattice_octagonal_star
Crypt:3:  cryptofortress_bobbens
Depths:1: constructs_gauntlet_mu_hangedman, bh_walls_and_bars, grunt_metal_band,
          hangedman_decor_peaks_small, spider_trap, kennysheep_inner_square,
          uniq_norris
Depths:2: kennysheep_room_grid, hell_entry, abyss_entry_flame_altar,
          grunt_decor_resistance
Depths:3: forest_paths, pan_entry, abyss_entry_small_statue_room,
          hangedman_decor_riveting, hangedman_coc_ice_floe, uniq_nikola
Depths:4: vault_1, enter_ziggurat_c, infiniplex_staircase_zigzag_4,
          hangedman_abyss_entry_splay, pan_entry, hell_entry
Depths:5: evilmike_zot_entry_round, rand_demon_pan_entry_4, serial_bayou_pond_e,
          grunt_hell_entry_dis_mu, abyss_entry
Abyss:3:  lemuel_flamethrower_3, evilmike_abyss_rune_curve
Abyss:4:  hangedman_abyss_or_decor_jellyfish_corner
Pan:      evilmike_mini_pan_doors, nicolae_pan_giant_door,
          lemuel_hellion_island, nicolae_pan_lom_lobonic_1,
          evilmike_mini_pan_corridor, nicolae_pan_gloorx_vloqian_1,
          rand_demon_9, pan_blood_fountain, evilmike_mini_pan_branches,
          evilmike_mini_pan_pillars, pan_blood_fountain,
          nicolae_pan_door_chamber, nicolae_pan_strange_glyphs, gloorx_vloq,
          evilmike_mini_pan_layers, evilmike_mini_pan_diamond, mnoleg_st
Sewer:    sewer_fruit_machine
Ossuary:  ossuary_tomb_2
Bailey:   bailey_axe_of_yendor_kennysheep, bailey
Volcano:  volcano_grotto

Skill      XL: |  1  2  3  4  5  6  7  8  9 10 11 12 13 14 15 16 17 18 19 20 21 22 23 24 25 26 |
---------------+-------------------------------------------------------------------------------+-----
Unarmed Combat | 3 4 5 6 7 9 10 12 13 15 16 17 18 19 20 21 22 23 25 27 | 27.0
Fighting       | 3 6 9 10 12 13 14 15 16 17 18 19 20 21 | 21.3
Shields        | 3 4 5 6 7 8 9 10 11 12 13 14 15 | 15.4
Armour         | 1 2 4 5 7 8 10 11 13 15 | 15.9
Invocations    | 7 9 |  9.6
Throwing       | 2 6 |  6.2
Dodging        | |  2.4

Action                   |  1- 3 |  4- 6 |  7- 9 | 10-12 | 13-15 | 16-18 | 19-21 | 22-24 | 25-27 || total
-------------------------+-------+-------+-------+-------+-------+-------+-------+-------+-------++-------
Melee: Unarmed           |    87 |   232 |   526 |   953 |  1786 |  1925 |  1980 |  1803 |   724 || 10016
Throw: Large rock        |       |       |       |     4 |    13 |    10 |    21 |       |       ||    48
       Tomahawk          |       |       |       |     1 |       |       |       |       |       ||     1
Invok: Lesser Servant of |       |       |       |     5 |       |       |       |       |       ||     5
       Cleansing Flame   |       |       |       |       |       |       |       |       |     1 ||     1
Evoke: Wand              |       |       |       |     1 |     1 |     1 |     2 |     2 |     1 ||     8
  Use: Scroll            |       |       |       |    36 |     8 |     9 |    13 |     9 |     9 ||    84
       Potion            |       |       |       |     3 |     1 |     3 |     9 |     4 |    18 ||    38
 Stab: Invisible         |       |       |       |    10 |     2 |     4 |       |    11 |       ||    27
       Distracted        |       |       |       |     1 |       |       |     1 |       |     1 ||     3
       Petrified         |       |       |       |       |     5 |     2 |       |       |       ||     7
       Held in net/web   |       |       |       |       |       |     2 |       |       |       ||     2
       Petrifying        |       |       |       |       |       |     2 |       |       |     1 ||     3
       Sleeping          |       |       |       |       |       |       |       |     1 |       ||     1
  Eat: Chunk             |    16 |    17 |    29 |    56 |    93 |    54 |    69 |    74 |    17 ||   425
       Bread ration      |       |       |     1 |       |     1 |     6 |     1 |     1 |       ||    10
       Meat ration       |       |       |     1 |       |     1 |     1 |     2 |     3 |     4 ||    12
       Pizza             |       |       |       |       |       |     2 |       |       |       ||     2
